 Dungeon Crawl Stone Soup version 0.30.1-11-g7821555f0a (webtiles) character file.

Game seed: 10770054360900918819

38 porpoise the Firebug (level 3, -1/26 HPs)
             Began as a Draconian Fire Elementalist on Dec 5, 2023.
             Succumbed to Sigmund's poison
             ... on level 2 of the Dungeon.
             The game lasted 00:05:34 (1192 turns).

porpoise the Firebug (Draconian Fire Elementalist)  Turns: 1192, Time: 00:05:34

Health: -1/26      AC:  5    Str: 10    XL:     3   Next: 25%
Magic:  0/6        EV: 12    Int: 17    God:
Gold:   73         SH:  0    Dex: 11    Spells: 4/7 levels left

rFire   + . .        a - staff of fire
rCold   . . .        (no shield)
rNeg    . . .        (body armour unavailable)
rPois   .            (helmet restricted)
rElec   .            (no cloak)
rCorr   .            (no gloves)
SInv    .            (no boots)
Will    .....        (no amulet)
Stlth   ++           (no ring)
HPRegen 0.24/turn    (no ring)
MPRegen 0.10/turn

%: no passive effects
@: lethally poisoned (-1 -> -27)
A: AC +5, unfitting armour, cold-blooded
a: no special abilities


You were on level 2 of the Dungeon.
You visited 1 branch of the dungeon, and saw 2 of its levels.

You collected 73 gold pieces.

Inventory:

Hand Weapons
 b - a +0 sling
 f - a +0 dagger
Magical Staves
 a - a staff of fire (weapon)
Scrolls
 c - a scroll of identify
 h - a scroll of fear {unknown}
Potions
 d - a potion of might
 e - a potion of magic
 g - a potion of invisibility


   Skills:
 - Level 1.7 Dodging
 - Level 1.7 Stealth
 + Level 2.6 Spellcasting
 + Level 1.9 Conjurations
 + Level 3.4 Fire Magic


You had 4 spell levels left.
You knew the following spells:

 Your Spells              Type           Power      Damage    Failure   Level
a - Foxfire               Conj/Fire      68%        2x1d7     6%          1
b - Scorch                Fire           42%        2d6       7%          2

Your spell library contained the following spells:

 Spells                   Type           Power      Damage    Failure   Level
 Summon Small Mammal      Summ           8%         N/A       19%         1
 Inner Flame              Hex/Fire       12%        N/A       26%         3
 Volatile Blastmotes      Fire/Tloc      24%        2d12      26%         3
 Sublimation of Blood     Necr           2%         N/A       28%         2
 Call Canine Familiar     Summ           2%         N/A       50%         3
 Summon Guardian Golem    Hex/Summ       2%         N/A       50%         3
 Flame Wave               Conj/Fire      17%        2d7       52%         4
 Petrify                  Tmut/Erth      2%         N/A       88%         4
 Irradiate                Conj/Tmut      2%         3d12      98%         5


Dungeon Overview and Level Annotations

Branches:
Dungeon (2/15)

Altars:

Annotations:
D:2 Sigmund


Innate Abilities, Weirdness & Mutations

Your plain brown scales are hard. (AC +5)
You cannot fit into any form of body armour.
You are cold-blooded and may be slowed by cold attacks.


Message History

You kill the ball python!
Casting: Foxfire (safe; 6% risk of failure)
Confirm with . or Enter, or press ? or * to list all spells.
You feel a surge of power!
You conjure some foxfire!
Sigmund the Dreaded comes into view.
He is wielding a +0 scythe of venom.
Your foxfire dissipates!
The quokka falls through a shaft!
The shaft crumbles and collapses.
You start resting.
Sigmund is nearby!
Casting: Foxfire (safe; 6% risk of failure)
Confirm with . or Enter, or press ? or * to list all spells.
You feel a surge of power!
Flames lash Sigmund.
Sigmund is lightly wounded.
Sigmund's fire resistance burns away.
Casting: Scorch (safe; 7% risk of failure)
Confirm with . or Enter, or press ? or * to list all spells.
You feel a surge of power!
You conjure some foxfire!
Sigmund barely misses you.
The foxfire hits Sigmund but does no damage.
Sigmund is lightly wounded.
The foxfire hits Sigmund.
Sigmund is burned terribly!
Sigmund is moderately wounded.
Sigmund hits you from afar with a +0 scythe of venom.
You are poisoned.
Casting: Foxfire (safe; 6% risk of failure)
Confirm with . or Enter, or press ? or * to list all spells.
You feel a surge of power!
You conjure some foxfire!
You feel very sick.
Sigmund is no longer more vulnerable to fire.
You feel sick.
The foxfire hits Sigmund.
Sigmund is moderately wounded.
The foxfire hits Sigmund.
Sigmund is heavily wounded.
Sigmund hits you from afar with a +0 scythe of venom!
* * * LOW HITPOINT WARNING * * *
You are more poisoned.
Okay, then.
Casting: Foxfire (safe; 6% risk of failure)
Confirm with . or Enter, or press ? or * to list all spells.
You feel a surge of power!
You conjure some foxfire!
You die...

#.....###### #..........#
####..........#
#.............#
########.###.....<.).#
....†....†.#.........#
#######.##)#.........#
##.# ...........#
###v@#..#.........# ..#
#.@v##>.#.........#
#....##.####..###########
...............
######....#.... ?...#.#
.[ ..........
......°......
?......#####...


You could see Sigmund (ally target).

Vanquished Creatures
  6 bats (D:1)
  4 endoplasms
  2 hobgoblins
  3 jackals (D:1)
  2 kobolds (D:1)
  9 ball pythons
  3 frilled lizards (D:1)
  5 goblins
  A rat (D:2)
35 creatures vanquished.

Vanquished Creatures (others)
  66 foxfires
66 creatures vanquished.

Grand Total: 101 creatures vanquished

Notes
Turn   | Place    | Note
-------+----------+-------------------------------------------
     0 | D:1      | porpoise the Draconian Fire Elementalist began the quest
                  | for the Orb.
     0 | D:1      | Reached XP level 1. HP: 14/14 MP: 3/3
   254 | D:1      | Reached XP level 2. HP: 17/20 MP: 0/5
   341 | D:1      | Learned a level 2 spell: Scorch
   866 | D:1      | Found a faded altar of an unknown god.
  1046 | D:2      | Reached XP level 3. HP: 26/26 MP: 2/6
  1178 | D:2      | Noticed Sigmund
  1192 | D:2      | Succumbed to Sigmund's poison

Illustrated notes

Levels and vault maps discovered:
D:1:      dpeg_arrival_snail, layout_basic, shapermc_ecumenical_altar_gd
D:2:      layout_rooms, kennysheep_jessica_study, uniq_sigmund

Action                     || total
---------------------------++-------
  Melee: Staff             ||    22
         Unarmed           ||     1
         Tailslap          ||     1
   Cast: Foxfire           ||    40
         Scorch            ||     1
    Use: Scroll            ||     2
   Stab: Sleeping          ||     1
 Armour: Skin              ||    12
  Dodge: Dodged            ||    22
